 Dungeon Crawl Stone Soup version 0.26.0-16-gc1dbca0489 (webtiles) character file.

Game seed: 7388124095408918181

56 kaeus the Sneak (level 3, -1/21 HPs)
             Began as an Octopode Hedge Wizard on Jan 21, 2021.
             Slain by a gnoll
             ... wielding a +0 whip
              (9 damage)
             ... on level 2 of the Dungeon.
             The game lasted 00:01:52 (1607 turns).

kaeus the Sneak (Octopode Hedge Wizard)             Turns: 1607, Time: 00:01:53

Health: -1/21      AC:  1    Str:  9    XL:     3   Next: 97%
Magic:  7/7        EV: 13    Int: 17    God:
Gold:   53         SH:  0    Dex: 11    Spells: 7/8 levels left

rFire    . . .     SeeInvis .   a - +0 dagger
rCold    . . .     Faith    .   (no shield)
rNeg     . . .     Spirit   .   b - +0 hat
rPois    .         Reflect  .   (no amulet)
rElec    .         Harm     .   (no ring)
rCorr    .         Rampage  .   (no ring)
Will     .....                  (no ring)
Stlth    +++.......             (no ring)
HPRegen  0.07/turn              (no ring)
MPRegen  0.10/turn              (no ring)
                                (no ring)
                                (no ring)

@: no status effects
A: almost no armour, stealthy swim, amphibious, 8 rings, constrict 8, camouflage
1, gelatinous body 1
a: no special abilities


You were on level 2 of the Dungeon.
You visited 1 branch of the dungeon, and saw 3 of its levels.

You collected 53 gold pieces.

Inventory:

Hand Weapons
 a - a +0 dagger (weapon)
Armour
 b - a +0 hat (worn)
Jewellery
 e - an uncursed ring of protection from fire {unknown}
Scrolls
 d - a scroll of random uselessness {unknown}
Potions
 c - a potion of degeneration {unknown}
 f - a potion of curing {unknown}
 g - a potion of magic {unknown}
 h - a potion of heal wounds {unknown}
 i - a potion of lignification {unknown}


   Skills:
 + Level 2.3 Dodging
 + Level 3.5 Stealth
 + Level 3.2 Spellcasting
 + Level 1.7 Conjurations
 + Level 1.6 Summonings
 + Level 1.7 Translocations


You had 7 spell levels left.
You knew the following spells:

 Your Spells              Type           Power        Failure   Level
a - Magic Dart            Conj           32%          9%          1

Your spell library contained the following spells:

 Spells                   Type           Power        Failure   Level
 Blink                    Tloc           N/A          13%         2
 Call Imp                 Summ           8%           14%         2
 Slow                     Hex            2%           26%         2
 Conjure Flame            Conj/Fire      5%           36%         3
 Mephitic Cloud           Conj/Pois/Air  4%           38%         3


Dungeon Overview and Level Annotations

Branches:
Dungeon (3/15)

Altars:


Innate Abilities, Weirdness & Mutations

You cannot wear most types of armour.
You are very stealthy in the water. (Stealth+)
You are amphibious.
You can wear up to eight rings at the same time.
You can use your tentacles to constrict eight enemies at once.
Your skin changes colour to match your surroundings (Stealth+).
Your rubbery body absorbs attacks. (AC +1, EV +1)


Message History

You constrict the gnoll. The gnoll misses you.
You hit the gnoll but do no damage.
The gnoll is almost dead.
You constrict the gnoll, but do no damage.
The gnoll barely misses you.
Your magical contamination has completely faded away.
You hit the gnoll but do no damage.
The gnoll is almost dead.
You constrict the gnoll.
You kill the gnoll!
You start resting.
Magic restored.
You regained 4 hp, and now have 16/21 hp.
MP restored: 7 You start resting.
HP restored.
Health restored: 21 You climb upwards.
The gnoll hits you with a +0 whip. The gnoll hits you with a +0 club!
The gnoll hits you with a +0 whip!
You die...

##########
#.........
###.########
#...#..<#
####.#.#######
#@g).........#
#g#############
#.# #>## $.#
...8# ##.#
....# #.#
)...8# #.#
....## #..
...8# ###


You could see 2 gnolls.

Vanquished Creatures
  A gnoll (D:3)
  An adder (D:2)
  2 dart slugs (D:1)
  2 leopard geckos (D:1)
  9 bats (D:1)
  3 hobgoblins
  A ball python (D:1)
  2 frilled lizards (D:1)
  6 goblins (D:1)
  5 kobolds (D:1)
  A rat (D:1)
33 creatures vanquished.

Notes
Turn   | Place    | Note
-------+----------+-------------------------------------------
     0 | D:1      | kaeus the Octopode Hedge Wizard began the quest for the
                  | Orb.
     0 | D:1      | Reached XP level 1. HP: 11/11 MP: 4/4
   200 | D:1      | Reached XP level 2. HP: 17/17 MP: 1/6
   672 | D:1      | Reached XP level 3. HP: 21/21 MP: 4/7
  1607 | D:2      | Slain by a gnoll

Illustrated notes

Levels and vault maps discovered:
D:1:      mrwooster_arrival_statue_2, layout_loops_corners,
          kennysheep_crisscross, minmay_unequal
D:2:      layout_basic, nicolae_overflow_hidden_temple
D:3:      layout_loops_corners, kiku_gazebo_pond_becter

Skill      XL: |  1  2 |
---------------+-------+-----
Stealth        | 3 |  3.5
Dodging        | |  2.3
Spellcasting   | |  3.2
Conjurations   | |  1.7
Summonings     | |  1.6
Translocations | |  1.7

Action                   || total
-------------------------++-------
Melee: Dagger            ||    18
       Tentacles         ||     4
       Constrict         ||     6
 Cast: Magic Dart        ||    63
  Use: Scroll            ||     4
Armor: Skin              ||     1
Dodge: Dodged            ||     9
